Map: [ESL] Inside and Out

Players

Zoun - Winner!

  • Race: Protoss Protoss
  • Spawn Location: 1:00

ByuN

  • Race: Terran Terran
  • Spawn Location: 7:00

Event: DreamHack SC2 Masters 2022 Atlanta (Offline)

VOD

Have the link to the VOD?

Description

Time

  • Played on: Nov. 19, 2022, 9:31 a.m.
  • Length: 17:29

All games in this series

Show
View Real Time Build Order
Export as new Build Order

Zoun Protoss - Winner!

Build Orders: 1 Gate Expand, Blink Stalkers, Chargelot Immortal 

Get SALT Encoding   

  12  0:00  Probe  
  13  0:12  Probe  
  14  0:16  Pylon  
  14  0:24  Probe (Chrono Boost)  
  16  0:36  Probe (Chrono Boost), Gateway  
  16  0:43  Probe (Chrono Boost)  
  16  0:48  Assimilator  
  17  0:50  Probe  
  18  1:03  Probe  
  19  1:15  Probe  
  20  1:23  Cybernetics Core  
  20  1:33  Nexus  
  20  1:38  Zealot (Chrono Boost)  
  22  1:44  Pylon  
  22  1:48  Probe  
  22  1:53  Assimilator  
  23  2:02  Stalker (Chrono Boost)  
  23  2:03  Probe  
  23  2:07  Warp Gate  
  26  2:16  Probe  
  26  2:25  Adept  
  26  2:28  Probe  
  29  2:34  Shield Battery  
  29  2:40  Twilight Council, Probe  
  30  2:46  Probe  
  31  2:52  Probe  
  31  2:56  Adept  
  34  2:58  Probe  
  34  3:04  Probe  
  36  3:07  Blink (Chrono Boost)  
  36  3:11  Probe  
  37  3:16  Probe  
  38  3:22  Gateway  
  38  3:25  Probe  
  39  3:28  Probe  
  40  3:35  Robotics Facility  
  40  3:37  Probe  
  40  3:40  Probe  
  42  3:50  Probe, Pylon  
  42  3:52  Gateway  
  42  3:53  Probe  
  44  3:56  Stalker  
  46  4:08  Probe x2  
  48  4:18  Stalker  
  48  4:19  Pylon  
  48  4:20  Stalker  
  52  4:24  Warp Prism  
  54  4:40  Nexus  
  54  4:42  Pylon  
  54  4:48  Stalker  
  54  4:51  Stalker  
  56  4:55  Probe x2  
  58  5:01  Observer  
  59  5:07  Probe  
  57  5:22  Stalker x2  
  57  5:24  Charge (Chrono Boost)  
  57  5:25  Probe  
  62  5:32  Probe  
  62  5:33  Pylon  
  63  5:37  Gateway, Probe  
  63  5:38  Gateway  
  64  5:53  Stalker x2  
  64  5:56  Probe  
  66  5:59  Observer  
  66  6:01  Probe  
  64  6:05  Observer  
  64  6:06  Gateway  
  64  6:07  Probe (Chrono Boost)  
  64  6:08  Gateway  
  64  6:09  Forge  
  66  6:11  Probe (Chrono Boost)  
  66  6:13  Observer  
  66  6:15  Gateway  
  66  6:17  Probe (Chrono Boost)  
  67  6:19  Probe (Chrono Boost)  
  69  6:28  Observer, Probe (Chrono Boost)  
  69  6:29  Probe (Chrono Boost)  
  69  6:31  Gateway  
  69  6:32  Sentry x2  
  74  6:35  Immortal (Chrono Boost), Probe  
  79  6:43  Shield Battery  
  77  6:47  Zealot x3  
  77  6:50  Protoss Ground Weapons Level 1 (Chrono Boost), Probe x2  
  84  6:54  Pylon  
  84  7:00  Probe  
  85  7:03  Zealot x3  
  91  7:08  Probe  
  91  7:09  Probe  
  91  7:10  Pylon  
  91  7:11  Pylon  
  93  7:15  Immortal (Chrono Boost)  
  97  7:26  Zealot x2  
  97  7:29  Zealot x2  
  105  7:33  Zealot x2  
  109  7:40  Pylon  
  109  7:41  Zealot x2  
  111  7:47  Immortal  
  115  7:53  Zealot  
  117  8:03  Zealot x2  
  117  8:04  Zealot x5  
  123  8:11  Probe  
  123  8:12  Probe x2  
  124  8:21  Robotics Bay  
  124  8:22  Assimilator  
  124  8:23  Assimilator  
  124  8:24  Probe  
  125  8:28  Observer  
  124  8:37  Probe  
  124  8:38  Pylon  
  124  8:39  Pylon  
  113  8:53  Zealot x3  
  113  8:54  Zealot x5  
  125  8:57  Immortal (Chrono Boost)  
  125  8:59  Probe  
  124  9:03  Probe  
  124  9:04  Assimilator x2  
  124  9:05  Probe  
  108  9:11  Probe  
  108  9:15  Zealot x3, Probe  
  108  9:16  Zealot x5  
  106  9:23  Probe  
  97  9:30  Probe x2  
  89  9:32  Colossus (Chrono Boost)  
  91  9:38  Zealot x3  
  91  9:39  Zealot x2  
  91  9:45  Protoss Ground Weapons Level 2 (Chrono Boost)  
  97  9:50  Probe x3  
  97  9:51  Extended Thermal Lance  
  96  10:02  Zealot, Sentry, Probe, Stalker x2  
  105  10:15  Colossus (Chrono Boost)  
  105  10:16  Stalker  
  105  10:17  Pylon  
  113  10:22  Stalker  
  113  10:23  Stalker  
  117  10:32  Photon Cannon  
  117  10:38  Nexus  
  117  10:40  Pylon  
  117  10:46  Robotics Facility  
  117  10:50  Zealot x3  
  117  10:56  Colossus (Chrono Boost)  
  129  11:04  Zealot x3  
  129  11:22  Zealot x5  
  127  11:40  Disruptor  
  127  11:44  Zealot x6  
  127  11:45  Zealot  
  142  11:49  Disruptor  
  137  11:59  Sentry  
  109  12:15  Disruptor (Chrono Boost), Stalker x6  
  93  12:16  Stalker  
  96  12:24  Zealot  
  96  12:25  Disruptor (Chrono Boost)  
  101  12:30  Protoss Ground Armor Level 1 (Chrono Boost)  
  101  12:44  Disruptor (Chrono Boost), Zealot x7  
  104  12:49  Disruptor (Chrono Boost)  
  115  12:53  Zealot  
  109  13:02  Observer  
  109  13:05  Stalker x5  
  108  13:11  Observer  
  104  13:13  Zealot x2  
  100  13:32  Nexus  
  100  13:33  Zealot  
  100  13:34  Zealot  
  100  13:36  Sentry, Templar Archives  
  100  13:37  Stalker x3  
  100  13:38  Colossus (Chrono Boost)  
  112  13:49  Colossus (Chrono Boost)  
  117  14:08  Nexus  
  117  14:09  Stalker  
  117  14:10  Stalker  
  117  14:15  High Templar x4  
  127  14:19  Archon  
  127  14:20  Archon  
  127  14:21  Observer (Chrono Boost)  
  126  14:26  High Templar x2  
  126  14:28  Observer  
  131  14:31  Archon  
  131  14:34  Shield Battery  
  131  14:35  Probe x3, Photon Cannon  
  132  14:44  Stalker  
  132  14:45  Stalker  
  136  14:47  Probe x2  
  136  14:51  Probe x2  
  140  14:55  Zealot  
  140  14:59  Probe x2  
  143  15:15  High Templar x4  
  143  15:16  Zealot x4  
  143  15:19  Archon x2  
  143  15:20  Probe  
  160  15:32  Probe  
  159  15:44  Stalker  
  159  15:45  Stalker x3  
  163  15:53  Zealot x4  
  163  15:56  Disruptor x2 (Chrono Boost)  
  177  16:03  Pylon  
  173  16:12  Zealot, Stalker x3  
  176  16:19  Zealot x3  
  176  16:24  Assimilator x2  
  182  16:30  Stalker  
  182  16:31  Observer x2 (Chrono Boost)  
  186  16:35  Gateway x2, Assimilator  
  186  16:36  Gateway, Assimilator  
  152  16:58  Zealot x2  
  152  16:59  Zealot x6  
Show
View Real Time Build Order
Export as new Build Order

ByuN Terran 

Build Orders:  

Get SALT Encoding   

  12  0:00  SCV  
  13  0:12  SCV  
  14  0:16  Supply Depot  
  14  0:24  SCV  
  15  0:38  SCV  
  15  0:39  Barracks  
  16  0:44  Refinery  
  16  0:50  SCV  
  16  0:53  Refinery  
  17  1:02  SCV  
  18  1:14  SCV  
  19  1:25  Reaper  
  20  1:26  Orbital Command  
  20  1:40  Factory  
  20  1:52  Supply Depot, SCV  
  21  1:57  Reaper  
  22  2:04  SCV  
  23  2:16  SCV  
  23  2:21  Command Center  
  24  2:26  Hellion  
  24  2:28  SCV  
  27  2:40  Barracks Reactor, Starport  
  27  2:42  SCV  
  28  2:48  Supply Depot  
  28  2:54  SCV  
  28  2:55  Widow Mine  
  31  3:10  SCV  
  32  3:16  Widow Mine  
  32  3:17  Marine x2  
  36  3:22  Medivac  
  36  3:25  SCV  
  39  3:34  Supply Depot, Orbital Command  
  39  3:37  SCV  
  39  3:38  Marine x2  
  39  3:41  Factory Tech Lab  
  42  3:50  SCV  
  43  3:56  Marine x2  
  43  4:02  SCV x2  
  47  4:06  Raven  
  47  4:07  Factory Tech Lab  
  47  4:08  Barracks  
  49  4:15  Marine x2  
  51  4:18  SCV x2  
  51  4:21  Supply Depot  
  53  4:27  Siege Tank  
  53  4:30  SCV  
  53  4:31  SCV  
  58  4:35  Marine x2  
  60  4:43  Supply Depot, SCV x2  
  62  4:55  SCV x2, Marine x2  
  62  4:58  Barracks  
  66  5:01  Refinery  
  66  5:03  Supply Depot  
  66  5:05  Engineering Bay  
  66  5:06  Siege Tank  
  70  5:07  SCV x2  
  68  5:19  SCV x2  
  67  5:25  Stimpack, Marine  
  65  5:30  Supply Depot  
  65  5:31  SCV x2  
  65  5:32  Terran Infantry Weapons Level 1  
  65  5:35  Marine x2  
  68  5:36  Starport Reactor  
  66  5:43  SCV x2  
  66  5:49  Factory Reactor  
  64  5:55  SCV x2  
  66  5:59  Marine x2  
  66  6:00  Marauder x2  
  66  6:02  Combat Shield  
  70  6:07  SCV x2  
  70  6:09  Refinery  
  70  6:10  Supply Depot  
  72  6:13  Medivac  
  72  6:14  Medivac  
  72  6:15  Command Center  
  76  6:21  Marauder x2, Marine x2  
  82  6:28  Widow Mine x2  
  82  6:31  SCV x2  
  88  6:35  Barracks  
  88  6:37  Barracks  
  88  6:43  Marauder x2, Marine x2  
  88  6:45  SCV  
  91  6:53  Widow Mine  
  91  6:54  Widow Mine  
  97  6:55  Medivac x2  
  97  7:00  SCV x2  
  97  7:03  Marine x2  
  97  7:09  Supply Depot  
  96  7:17  Marauder x2  
  96  7:18  SCV  
  96  7:19  SCV  
  102  7:24  Barracks Reactor, Barracks Tech Lab  
  102  7:26  Terran Infantry Armor Level 1  
  102  7:27  Widow Mine x2  
  106  7:30  Supply Depot, Medivac  
  106  7:33  SCV  
  109  7:42  Marauder x2  
  109  7:43  Marauder  
  109  7:44  Marine x2  
  114  7:47  SCV x2  
  114  7:57  Concussive Shells  
  112  7:59  SCV x2  
  110  8:08  Marine  
  110  8:09  Marine  
  110  8:11  SCV x2  
  114  8:13  Marine x2  
  114  8:16  Orbital Command  
  116  8:23  SCV x2  
  116  8:26  Marauder x2  
  116  8:27  Marauder  
  124  8:29  Widow Mine  
  122  8:35  SCV  
  122  8:36  Marine x2  
  122  8:37  Marine x2  
  122  8:39  Ghost Academy  
  127  8:42  SCV x2  
  120  8:50  Marauder x2, Marine  
  120  8:51  Widow Mine x2  
  120  8:54  Marine  
  125  9:02  SCV x2  
  119  9:03  SCV  
  119  9:06  Medivac  
  119  9:08  Marauder  
  110  9:11  Marauder x2  
  110  9:13  Widow Mine x2  
  110  9:14  SCV  
  110  9:16  SCV  
  89  9:19  Marine  
  89  9:20  Marine  
  84  9:27  SCV  
  84  9:28  Marine  
  84  9:30  Marauder  
  82  9:31  Marine  
  82  9:32  Marauder, Orbital Command  
  82  9:34  Widow Mine, Marauder  
  82  9:37  Widow Mine  
  89  9:41  Marine x2  
  86  9:46  Marine  
  86  9:51  Marauder, Enhanced Shockwaves  
  85  9:55  Widow Mine  
  85  9:56  Marauder  
  85  9:59  Marauder  
  91  10:01  Orbital Command, Marine x2  
  91  10:03  Marine  
  94  10:09  SCV x2  
  94  10:13  Marine  
  97  10:20  Marauder x3  
  97  10:21  SCV x2  
  104  10:28  SCV  
  106  10:33  SCV  
  107  10:36  SCV  
  107  10:40  SCV, Ghost x2  
  107  10:41  Ghost  
  115  10:45  SCV, Marine x4  
  115  10:48  SCV  
  121  10:52  Supply Depot, SCV  
  121  10:53  Supply Depot  
  130  10:57  SCV, Widow Mine x2  
  130  11:00  Viking x2  
  129  11:09  Marine x2  
  129  11:10  Marauder  
  129  11:11  Refinery x2  
  133  11:13  Marine  
  133  11:14  SCV x3, Marauder x2  
  139  11:26  SCV x3  
  139  11:30  Viking x2  
  139  11:32  Marauder, Marine x2  
  142  11:35  Marauder x2  
  142  11:39  Marine x2  
  138  11:50  Marine  
  138  11:53  Marauder  
  137  11:57  Marauder x2  
  137  11:58  Marine x2  
  137  12:00  Viking x2  
  130  12:08  Marine x2  
  130  12:14  Marauder  
  119  12:17  Marine x2  
  119  12:18  Marauder x2  
  119  12:20  Widow Mine x2  
  126  12:26  Marine x2  
  128  12:30  Medivac x2  
  128  12:35  Marine  
  128  12:36  Marauder  
  135  12:38  Ghost  
  135  12:39  Marauder  
  135  12:42  Widow Mine x2  
  135  12:43  Marine  
  144  12:44  Marine  
  144  12:51  SCV  
  143  12:57  Marauder  
  143  12:58  Marine x2  
  140  13:00  Medivac x2  
  140  13:01  Marauder  
  140  13:03  Widow Mine x2  
  140  13:05  Marine x2  
  141  13:07  Ghost  
  137  13:19  Marauder  
  119  13:20  Marine x2  
  119  13:22  Marauder  
  123  13:28  Marine x2  
  123  13:33  Orbital Command  
  121  13:36  Marauder  
  121  13:38  Marine x2  
  121  13:39  Liberator x2  
  121  13:40  Marauder  
  132  13:43  Marauder  
  132  13:44  SCV x2  
  132  13:46  Marine x2  
  137  13:49  Widow Mine x2  
  141  13:58  Marauder  
  141  14:01  Armory, Marauder  
  145  14:03  Engineering Bay  
  145  14:05  Marauder  
  145  14:09  Marine  
  147  14:10  Marine  
  147  14:14  Supply Depot  
  147  14:16  Supply Depot  
  149  14:22  Marine  
  149  14:23  Marauder  
  149  14:36  Marauder x2, Marine x3  
  156  14:40  Marine  
  156  14:44  Marauder  
  157  14:50  Terran Infantry Weapons Level 2, Terran Infantry Armor Level 2  
  157  14:54  Supply Depot, Marine x3  
  157  14:55  Supply Depot  
  157  14:58  Marauder x2, Marine  
  165  15:09  Marauder  
  161  15:18  Ghost  
  161  15:19  Missile Turret, Marauder  
  161  15:20  Supply Depot  
  169  15:21  Widow Mine x2, Sensor Tower  
  169  15:25  Marine x4  
  169  15:28  Viking  
  175  15:29  Viking  
  175  15:30  Marauder  
  174  15:40  Marauder  
  176  15:47  Ghost  
  176  15:48  Marine  
  176  15:49  Widow Mine, Marine  
  170  15:50  Widow Mine  
  170  15:51  Ghost  
  172  15:58  Medivac  
  172  15:59  Medivac  
  172  16:01  Ghost  
  178  16:05  Marine x2  
  178  16:06  Marine x2  
  178  16:11  Widow Mine x2  
  167  16:21  Marauder  
  167  16:23  Marine x2  
  167  16:24  Marine  
  167  16:28  Viking  
  167  16:29  Viking  
  167  16:30  Missile Turret  
  171  16:38  Marauder, Marine x2  
  175  16:41  Marine  
  175  16:42  Marauder x2  
  139  16:54  Marine  
  139  16:56  Marine x2  
  139  16:58  Viking  
  139  16:59  Widow Mine x2, Marine, Ghost  
  143  17:03  Marauder, Marine  
Tags
 
Add a new tag
Caveats
  • Supply blocks, unpowered buildings, or Contaminate may cause inaccurate times.
  • Supply counts are checked every 10 seconds.